[Event "Saturday 28 April Rapid Engine Tour 12+1 Rounds 9 Starts 1600ST"]
[Site "Infinity Chess"]
[Date "2018.4.28"]
[Round "3"]
[White "KRAKEN"]
[Black "Medusa"]
[Result "1/2-1/2"]
[ECO "E10"]
[WhiteElo "2548"]
[BlackElo "2456"]
[WhiteEngine "Raubfisch ME262_GTZ17b2_CTG"]
[BlackEngine "Eman 1.70-beta23 64-bit POPCNT"]
[EventType "Swiss"]
[WhiteTeam ""]
[BlackTeam ""]
[PlyCount "49"]
[TimeControl "720+1"]

1. d4 Nf6 2. c4 e6 3. Nf3 d5 4. Nc3 c6 5. Bg5 h6 6. Bxf6 Qxf6 7. e3 Nd7 
8. Be2 Qd8 9. O-O Be7 10. Qc2 O-O 11. Rac1 a6 12. c5 Qc7 13. e4 dxe4 14. Qxe4 e5 
15. Nxe5 Nxe5 16. dxe5 Bxc5 17. Bd3 g6 18. Qf4 Be6 19. Qxh6 Qxe5 20. Bxg6 fxg6 
21. Qxg6+ Kh8 22. Qh6+ Kg8 23. Qg6+ Kh8 24. Qh6+ Kg8 25. Qg6+ 1/2-1/2

[Event "Saturday 28 April Rapid Engine Tour 12+1 Rounds 9 Starts 1600ST"]
[Site "Infinity Chess"]
[Date "2018.4.28"]
[Round "3"]
[White "star99"]
[Black "Eman"]
[Result "1/2-1/2"]
[ECO "B50"]
[WhiteElo "2467"]
[BlackElo "2459"]
[WhiteEngine "Cryptic Heroes 9.4B"]
[BlackEngine "Eman 1.70-beta27 64-bit BMI2"]
[EventType "Swiss"]
[WhiteTeam ""]
[BlackTeam ""]
[PlyCount "131"]
[TimeControl "720+1"]

1. e4 c5 2. Nf3 d6 3. Nc3 Nf6 4. d4 cxd4 5. Qxd4 Nc6 6. Qd3 a6 7. a3 g6 
8. h3 Bg7 9. Be2 Be6 10. O-O O-O 11. Rd1 Na5 12. Qd2 Rc8 13. Nd4 b5 14. Qe1 Qc7 
15. Bd3 Nd7 16. Bf1 Nc6 17. Be3 Qb7 18. Be2 Nxd4 19. Bxd4 Ne5 20. f4 Nc4 
21. Bxg7 Kxg7 22. Rab1 b4 23. axb4 Qxb4 24. Nd5 Qxe1+ 25. Rxe1 Bxd5 26. exd5 Nb6 
27. Bf3 Kf6 28. Re2 a5 29. Rbe1 Rc7 30. g4 h6 31. h4 Rc4 32. Be4 a4 33. Kf2 Kg7 
34. b3 axb3 35. cxb3 Rb4 36. Bf3 Rxf4 37. Kg3 g5 38. hxg5 hxg5 39. Rxe7 Rd8 
40. R7e4 Rxe4 41. Bxe4 Re8 42. Kf3 Nd7 43. Rb1 Nf6 44. Bf5 Nxd5 45. b4 Re5 
46. Kf2 Kf6 47. Bd3 Re8 48. b5 Rb8 49. Bf1 Nb6 50. Rb3 Nd7 51. Bc4 Ke5 
52. Bxf7 Kd4 53. Kg3 Ne5 54. Be6 Kc5 55. Rc3+ Kd4 56. Rb3 Kc5 57. Rc3+ Kb4 
58. Rb3+ Ka5 59. Ra3+ Kb6 60. Ra6+ Kxb5 61. Rxd6 Ka5 62. Rd5+ Rb5 63. Rxb5+ Kxb5 
64. Bf5 Nxg4 65. Bd3+ Kc5 66. Kxg4 1/2-1/2

[Event "Saturday 28 April Rapid Engine Tour 12+1 Rounds 9 Starts 1600ST"]
[Site "Infinity Chess"]
[Date "2018.4.28"]
[Round "2"]
[White "Dovahkiin"]
[Black "hafaba"]
[Result "1/2-1/2"]
[ECO "C55"]
[WhiteElo "2376"]
[BlackElo "2410"]
[WhiteEngine "BrainFish_180423_x64_modern_CTG"]
[BlackEngine "Eman 1.70-beta21 64-bit POPCNT_CTG"]
[EventType "Swiss"]
[WhiteTeam ""]
[BlackTeam ""]
[PlyCount "134"]
[TimeControl "720+1"]

1. e4 e5 2. Nf3 Nc6 3. Bc4 Nf6 4. d3 Bc5 5. O-O d6 6. c3 O-O 7. Bg5 h6 8. Bh4 g5 
9. Bg3 a6 10. Bb3 g4 11. Bh4 gxf3 12. Qxf3 Kg7 13. Nd2 Be6 14. Nc4 Bxc4 
15. Bxc4 Na5 16. Bd5 c6 17. b4 cxd5 18. exd5 Bb6 19. bxa5 Bxa5 20. Rae1 Qe7 
21. Qf5 Bd8 22. f4 Qc7 23. fxe5 Nh7 24. Bg3 Qxc3 25. exd6 Bf6 26. d7 Rad8 
27. Bd6 Rg8 28. Re7 Rgf8 29. Ree1 Rg8 30. Re7 Rgf8 31. h3 Bxe7 32. Be5+ Qxe5 
33. Qxe5+ Bf6 34. Qf5 b5 35. Rf4 a5 36. h4 a4 37. Kf1 Rb8 38. Re4 Rfd8 
39. Qg4+ Kh8 40. Qe2 Rf8 41. Qc2 Bg7 42. d6 Rfd8 43. Re7 Nf6 44. Rxf7 Nxd7 
45. d4 Rf8 46. Rxf8+ Rxf8+ 47. Ke2 Bxd4 48. Qd3 Be5 49. Qxb5 Rf7 50. Qxa4 Bxd6 
51. Qd4+ Be5 52. Qe4 Re7 53. Kd1 Nf6 54. Qg6 Rd7+ 55. Kc2 Rc7+ 56. Kb3 Rc3+ 
57. Kb4 Rg3 58. Qxh6+ Kg8 59. Kb5 Rxg2 60. a4 Rb2+ 61. Kc6 Kf7 62. Qc1 Rb8 
63. Qc4+ Ke7 64. Qc5+ Ke6 65. Qc4+ Ke7 66. Qc5+ Ke6 67. Qc4+ Ke7 1/2-1/2

[Event "Saturday 28 April Rapid Engine Tour 12+1 Rounds 9 Starts 1600ST"]
[Site "Infinity Chess"]
[Date "2018.4.28"]
[Round "2"]
[White "ocirema"]
[Black "Eman"]
[Result "0-1"]
[ECO "C53"]
[WhiteElo "2434"]
[BlackElo "2443"]
[WhiteEngine "asmFishW_2018-04-25_popcnt_CTG"]
[BlackEngine "Eman 1.70-beta27 64-bit BMI2"]
[EventType "Swiss"]
[WhiteTeam ""]
[BlackTeam ""]
[PlyCount "182"]
[TimeControl "720+1"]

1. e4 e5 2. Nf3 Nc6 3. Bc4 Bc5 4. c3 Nf6 5. d3 O-O 6. O-O d6 7. a4 a5 8. Nbd2 h6 
9. Re1 Be6 10. h3 Ba7 11. Bxe6 fxe6 12. Nc4 Rf7 13. Qb3 Nh5 14. Be3 Rxf3 
15. Bxa7 Rxd3 16. Be3 Nd4 17. Bxd4 exd4 18. Red1 Rxd1+ 19. Qxd1 Nf4 20. cxd4 d5 
21. exd5 Qxd5 22. Ne3 Qxd4 23. Qc2 Qf6 24. Rd1 Qf7 25. Rd2 Rf8 26. Qc4 Qe7 
27. Qe4 b6 28. b3 e5 29. Nc4 Qg5 30. Kh2 Qg6 31. Qxg6 Nxg6 32. Kg1 Re8 
33. Ne3 Nf8 34. Rc2 Ne6 35. Rc6 Kf7 36. Nd5 Rb8 37. Kf1 Rb7 38. f3 Nd4 
39. Rxc7+ Rxc7 40. Nxc7 Nxb3 41. Nd5 Nd2+ 42. Ke2 Nc4 43. Nc3 Ke6 44. Kd3 Nd6 
45. Kc2 Kd7 46. Nd5 Kc6 47. Ne7+ Kc5 48. Kc3 b5 49. Ng6 Kd5 50. Kb3 Ke6 
51. h4 bxa4+ 52. Kxa4 h5 53. Kxa5 Kf6 54. Nf8 Nf5 55. Nh7+ Kg6 56. Nf8+ Kf7 
57. Nd7 Ke6 58. Nc5+ Kd5 59. Kb4 Nxh4 60. Ne4 Nxg2 61. Kc3 Ne1 62. Kd2 Nxf3+ 
63. Ke3 Nd4 64. Ng5 h4 65. Kf2 h3 66. Nxh3 Ke4 67. Ng5+ Kf4 68. Nh3+ Kg4 
69. Kg2 e4 70. Nf2+ Kf4 71. Nh3+ Kf5 72. Nf2 e3 73. Nd3 Ke4 74. Nc5+ Kd5 
75. Nd3 Kc4 76. Ne5+ Kc3 77. Kf1 g5 78. Ke1 e2 79. Ng6 Kd3 80. Ne5+ Ke4 
81. Ng4 Kf4 82. Nf6 Kf3 83. Kd2 Nc2 84. Kc3 e1=Q+ 85. Kc4 Qe6+ 86. Kb5 Qxf6 
87. Kc5 Ke3 88. Kc4 Nd4 89. Kc5 Qc6+ 90. Kb4 Qb5+ 91. Ka3 Qb3# 0-1

[Event "Saturday 28 April Rapid Engine Tour 12+1 Rounds 9 Starts 1600ST"]
[Site "Infinity Chess"]
[Date "2018.4.28"]
[Round "2"]
[White "Thinker"]
[Black "KhalidOmar"]
[Result "1/2-1/2 "]
[ECO "B90"]
[WhiteElo "2442"]
[BlackElo "2447"]
[WhiteEngine "BrainFish_180418_x64_modern_CTG"]
[BlackEngine "Eman 1.70-beta27 64-bit BMI2"]
[EventType "Swiss"]
[WhiteTeam ""]
[BlackTeam ""]
[PlyCount "110"]
[TimeControl "720+1"]

1. e4 c5 2. Nf3 d6 3. d4 cxd4 4. Nxd4 Nf6 5. Nc3 a6 6. Be3 e5 7. Nb3 Be6 
8. h3 Be7 9. f4 Nc6 10. f5 Bxb3 11. axb3 Nb4 12. g3 d5 13. exd5 Qc7 14. d6 Bxd6 
15. Nb5 Nxc2+ 16. Ke2 Qc6 17. Nxd6+ Ke7 18. Rc1 Nxe3 19. Rxc6 Nxd1 20. Nxb7 Rhb8 
21. Rc7+ Kf8 22. Bg2 Nxb2 23. Nd6 e4 24. Rhc1 Rd8 25. Nxf7 Rd3 26. Ng5 Rxg3 
27. Bxe4 Nxe4 28. Rc8+ Rxc8 29. Rxc8+ Ke7 30. Nxe4 Rxb3 31. Rc7+ Ke8 
32. Rxg7 Nc4 33. Nf6+ Kf8 34. Rc7 Nd6 35. Nxh7+ Kg8 36. Nf6+ Kf8 37. Nd7+ Kg8 
38. f6 Rxh3 39. Ne5 Rh2+ 40. Ke3 Rh6 41. f7+ Nxf7 42. Rxf7 Re6 43. Rf5 Kg7 
44. Kd4 Rf6 45. Rg5+ Kh6 46. Rg3 Kh5 47. Ra3 Kg5 48. Ke4 Rb6 49. Ra1 Rb4+ 
50. Kd5 Rb5+ 51. Kd4 Rb6 52. Kd5 Kf5 53. Nc4 Rh6 54. Nd6+ Kf4 55. Ra4+ Kf3 
1/2-1/2

[Event "Saturday 28 April Rapid Engine Tour 12+1 Rounds 9 Starts 1600ST"]
[Site "Infinity Chess"]
[Date "2018.4.28"]
[Round "2"]
[White "Deep_Impact"]
[Black "Gilgamesch"]
[Result "1/2-1/2"]
[ECO "D30"]
[WhiteElo "2464"]
[BlackElo "2481"]
[WhiteEngine "asmFishW_2018-04-24_bmi2"]
[BlackEngine "BrainFish_180408_x64_bmi2"]
[EventType "Swiss"]
[WhiteTeam ""]
[BlackTeam ""]
[PlyCount "70"]
[TimeControl "720+1"]

1. d4 d5 2. c4 e6 3. Nf3 Nf6 4. Nc3 c6 5. Bg5 h6 6. Bh4 dxc4 7. e4 g5 8. Bg3 b5 
9. Be2 Bb7 10. h4 g4 11. Ne5 Nbd7 12. Nxd7 Qxd7 13. Be5 Qe7 14. O-O Bg7 
15. Qc1 Rd8 16. Qf4 O-O 17. Rad1 Kh7 18. g3 Rg8 19. Qe3 Ba8 20. b3 c5 
21. dxc5 b4 22. Bxf6 Bxf6 23. Nb5 c3 24. Qf4 Rxd1 25. Rxd1 Rc8 26. Bd3 Kg8 
27. a3 c2 28. Bxc2 Rxc5 29. Bd3 a6 30. axb4 Rxb5 31. Bxb5 axb5 32. Qb8+ Qf8 
33. Qf4 Qe7 34. Qb8+ Qf8 35. Qf4 Qe7 1/2-1/2

[Event "Saturday 28 April Rapid Engine Tour 12+1 Rounds 9 Starts 1600ST"]
[Site "Infinity Chess"]
[Date "2018.4.28"]
[Round "2"]
[White "Murx"]
[Black "KRAKEN"]
[Result "1/2-1/2"]
[ECO "D02"]
[WhiteElo "2500"]
[BlackElo "2550"]
[WhiteEngine "asmFishW_2018-04-07_popcnt"]
[BlackEngine "Raubfisch ME262_GTZ17b2_CTG"]
[EventType "Swiss"]
[WhiteTeam ""]
[BlackTeam ""]
[PlyCount "104"]
[TimeControl "720+1"]

1. d4 d5 2. Nf3 e6 3. c4 Nf6 4. Nc3 c6 5. Bg5 h6 6. Bxf6 Qxf6 7. e3 Nd7 
8. Bd3 dxc4 9. Bxc4 Bd6 10. O-O Qe7 11. Ne4 O-O 12. Nxd6 Qxd6 13. Qe2 b6 
14. Rfd1 Rd8 15. a3 Qe7 16. b4 a6 17. Qc2 Bb7 18. Rab1 a5 19. Be2 axb4 
20. axb4 Ra7 21. Bf1 c5 22. dxc5 bxc5 23. b5 Bxf3 24. gxf3 Rb8 25. f4 Nb6 
26. Qe4 Rc8 27. Qe5 Ra2 28. Bg2 c4 29. Qd6 Qh4 30. Rf1 Qd8 31. Rbd1 Qxd6 
32. Rxd6 Rb8 33. Bc6 g5 34. fxg5 hxg5 35. Rd4 Kh8 36. f4 gxf4 37. Rdxf4 Nd5 
38. Bxd5 exd5 39. Rxf7 Rxb5 40. R1f2 Rxf2 41. Kxf2 c3 42. Kg3 Rc5 43. Rf8+ Kg7 
44. Rf1 c2 45. Rc1 d4 46. exd4 Rc3+ 47. Kf2 Kf6 48. Ke2 Rh3 49. d5 Rxh2+ 
50. Ke3 Ke7 51. Kd3 Rg2 52. Rxc2 Rxc2 1/2-1/2

[Event "Saturday 28 April Rapid Engine Tour 12+1 Rounds 9 Starts 1600ST"]
[Site "Infinity Chess"]
[Date "2018.4.28"]
[Round "2"]
[White "Medusa"]
[Black "star99"]
[Result "1/2-1/2"]
[ECO "D02"]
[WhiteElo "2455"]
[BlackElo "2468"]
[WhiteEngine "Eman 1.70-beta23 64-bit POPCNT"]
[BlackEngine "Cryptic Heroes 9.4B"]
[EventType "Swiss"]
[WhiteTeam ""]
[BlackTeam ""]
[PlyCount "122"]
[TimeControl "720+1"]

1. d4 d5 2. Nf3 e6 3. c4 Be7 4. g3 Nf6 5. Bg2 O-O 6. O-O dxc4 7. Qc2 a6 
8. a4 Bd7 9. Qxc4 Bc6 10. Bg5 Bd5 11. Qd3 c5 12. dxc5 Bxc5 13. Bxf6 Qxf6 
14. Nc3 Bc6 15. Ne4 Bxe4 16. Qxe4 Nc6 17. Rab1 Qe7 18. Rfd1 Rfd8 19. h4 g6 
20. e3 Rxd1+ 21. Rxd1 Rd8 22. Qc2 Rxd1+ 23. Qxd1 Qc7 24. Qc1 b6 25. Nd2 Ne5 
26. Qc3 a5 27. Ne4 Nd7 28. Qc2 Kf8 29. Bf1 Bd6 30. Qd1 Ke7 31. Bb5 Be5 
32. Qb1 f5 33. Nd2 Bxg3 34. fxg3 Qxg3+ 35. Kf1 Qxe3 36. Qc2 Nc5 37. Kg2 Qf4 
38. Qc3 e5 39. Nc4 Qe4+ 40. Qf3 Qxh4 41. Nxe5 Qg5+ 42. Qg3 Qxg3+ 43. Kxg3 g5 
44. Nc4 Nd3 45. b3 Nc5 46. Nxb6 Nxb3 47. Bd3 Kf6 48. Nd7+ Kg6 49. Ne5+ Kf6 
50. Nd7+ Kg6 51. Ne5+ Kf6 52. Nc6 Nc5 53. Bb5 f4+ 54. Kg4 h5+ 55. Kxh5 f3 
56. Nxa5 f2 57. Kg4 f1=Q 58. Bxf1 Nxa4 59. Bg2 Nc5 60. Kg3 Nd7 61. Bf3 Ke7 
1/2-1/2

[Event "Saturday 28 April Rapid Engine Tour 12+1 Rounds 9 Starts 1600ST"]
[Site "Infinity Chess"]
[Date "2018.4.28"]
[Round "1"]
[White "Medusa"]
[Black "KQRBNP"]
[Result "1-0"]
[ECO "E16"]
[WhiteElo "2443"]
[BlackElo "2336"]
[WhiteEngine "Eman 1.70-beta23 64-bit POPCNT"]
[BlackEngine "Eman 1.70-beta27 64-bit POPCNT"]
[EventType "Swiss"]
[WhiteTeam ""]
[BlackTeam ""]
[PlyCount "143"]
[TimeControl "720+1"]

1. d4 Nf6 2. c4 e6 3. Nf3 b6 4. g3 Bb7 5. Bg2 Bb4+ 6. Bd2 Bxd2+ 7. Qxd2 O-O 
8. O-O d5 9. cxd5 exd5 10. b4 Nbd7 11. Rc1 c6 12. Qb2 Qe7 13. Nc3 a5 14. a3 h6 
15. Nd2 Rfb8 16. Rab1 axb4 17. axb4 Re8 18. e3 b5 19. e4 Nb6 20. e5 Nfd7 
21. f4 Bc8 22. Nd1 Nb8 23. Ne3 Ra4 24. Bf3 Nc4 25. Ndxc4 dxc4 26. Bd1 Ra6 
27. Ra1 Rxa1 28. Rxa1 Na6 29. Rb1 Be6 30. Bf3 Qd7 31. Ra1 Nc7 32. Ra7 g6 
33. Qa1 Rc8 34. Kf2 Qe8 35. Qd1 Nd5 36. Bxd5 cxd5 37. g4 Qd8 38. Kg3 Kh8 
39. h4 Qb6 40. Ra2 Rg8 41. h5 gxh5 42. g5 Bg4 43. Nxg4 hxg4 44. Rh2 Rg6 
45. f5 Rxg5 46. Qh1 Kh7 47. e6 Kg7 48. Rxh6 fxe6 49. Qh4 Qd6+ 50. Kg2 Rxf5 
51. Rh7+ Kf8 52. Ra7 Ke8 53. Ra8+ Kf7 54. Qh7+ Kf6 55. Qh6+ Kf7 56. Ra7+ Ke8 
57. Qg6+ Kd8 58. Ra8+ Ke7 59. Qg7+ Rf7 60. Ra7+ Qd7 61. Rxd7+ Kxd7 62. Qxf7+ Kc6 
63. Kg3 Kd6 64. Qf8+ Kd7 65. Kf4 g3 66. Ke5 g2 67. Qd6+ Kc8 68. Qe7 Kb8 
69. Kd6 g1=Q 70. Kc6 Qg7 71. Qxg7 c3 72. Qb7# 1-0

[Event "Saturday 28 April Rapid Engine Tour 12+1 Rounds 9 Starts 1600ST"]
[Site "Infinity Chess"]
[Date "2018.4.28"]
[Round "1"]
[White "Dovahkiin"]
[Black "Thinker"]
[Result "1/2-1/2"]
[ECO "C50"]
[WhiteElo "2373"]
[BlackElo "2445"]
[WhiteEngine "BrainFish_180423_x64_modern_CTG"]
[BlackEngine "BrainFish_180418_x64_modern_CTG"]
[EventType "Swiss"]
[WhiteTeam ""]
[BlackTeam ""]
[PlyCount "114"]
[TimeControl "720+1"]

1. e4 e5 2. Nf3 Nc6 3. Bc4 Bc5 4. O-O Nf6 5. d3 d6 6. c3 O-O 7. Bg5 h6 8. Bh4 a6 
9. Nbd2 Bb6 10. Bb3 Ba7 11. Nc4 g5 12. Bg3 Kh8 13. Ne3 Ne7 14. Bc2 Bxe3 
15. fxe3 Ng6 16. Qe2 Qe7 17. a4 a5 18. b4 axb4 19. cxb4 Kg7 20. d4 Bd7 
21. Qd3 Rfe8 22. b5 c6 23. bxc6 bxc6 24. a5 Bc8 25. a6 Nh5 26. dxe5 dxe5 
27. Bb3 Nxg3 28. hxg3 Rd8 29. Qe2 Nh8 30. Qc4 Be6 31. Qc3 Bxb3 32. Qxb3 c5 
33. Rfd1 Rxd1+ 34. Qxd1 Ng6 35. Qb3 Qc7 36. Nd2 Qc6 37. Qa4 Ne7 38. Qa5 Nc8 
39. Nb3 Nd6 40. Qxc5 Rxa6 41. Qxe5+ Kh7 42. Rxa6 Qxa6 43. Nd2 Nc8 44. g4 Qe6 
45. Qxe6 fxe6 46. Nc4 Ne7 47. Kf2 Ng6 48. e5 Kg8 49. Kf3 Nh4+ 50. Ke2 Nxg2 
51. Kf2 Nh4 52. Nb2 Kg7 53. Nd3 Kf8 54. Nc5 Ng6 55. Nd3 Nh4 56. Ke2 Kf7 
57. Kf2 Kf8 1/2-1/2

[Event "Saturday 28 April Rapid Engine Tour 12+1 Rounds 9 Starts 1600ST"]
[Site "Infinity Chess"]
[Date "2018.4.28"]
[Round "1"]
[White "star99"]
[Black "Ryzen"]
[Result "1-0"]
[ECO "B23"]
[WhiteElo "2454"]
[BlackElo "2392"]
[WhiteEngine "Cryptic Heroes 9.4B"]
[BlackEngine "Houdini 6"]
[EventType "Swiss"]
[WhiteTeam ""]
[BlackTeam ""]
[PlyCount "163"]
[TimeControl "720+1"]

1. e4 c5 2. Nc3 g6 3. Nf3 Bg7 4. d4 cxd4 5. Nxd4 Nc6 6. Be3 Nf6 7. Bc4 O-O 
8. Bb3 Qc7 9. O-O a6 10. f4 d6 11. f5 Bd7 12. Qe1 d5 13. fxg6 hxg6 14. Nf3 d4 
15. Nxd4 Ng4 16. Nf3 Nd4 17. Bxd4 Bxd4+ 18. Kh1 Bxc3 19. bxc3 Kg7 20. h3 Rh8 
21. Rd1 Raf8 22. Kg1 Qc5+ 23. Nd4 Ne5 24. Qg3 f6 25. Kh2 Bc8 26. Be6 Rh7 
27. Rb1 b5 28. a4 bxa4 29. Rb8 Rh5 30. Rf5 Qd6 31. Rxh5 Bxe6 32. Rxf8 Kxf8 
33. Nxe6+ Qxe6 34. Rh8+ Kf7 35. Rb8 Nc4 36. Rb1 Qxe4 37. Qd3 Qf4+ 38. Kg1 a3 
39. Qd4 Qxd4+ 40. cxd4 Ke6 41. Kf2 Kd5 42. c3 Nd6 43. Ra1 Nb5 44. Ke3 Kc4 
45. Kd2 f5 46. Kc2 Nxc3 47. Rxa3 Ne2 48. h4 Nxd4+ 49. Kd2 Nc6 50. Rxa6 Kd5 
51. Ke3 e5 52. Kf3 Nd4+ 53. Kf2 Nc6 54. Kg3 Kc5 55. Kh3 e4 56. Kg3 Kd5 
57. Kf4 Ne7 58. Rf6 Kd4 59. Rd6+ Nd5+ 60. Kg3 Ke5 61. Rxg6 e3 62. Kf3 e2 
63. Kf2 Nf4 64. Rg8 Kf6 65. g3 e1=Q+ 66. Kxe1 Ne6 67. Kf2 Nc5 68. Rf8+ Ke6 
69. g4 Ne4+ 70. Kf3 Nd2+ 71. Ke2 Nb3 72. h5 Nd4+ 73. Kf2 Nb5 74. h6 Nd6 
75. h7 Ke7 76. h8=Q fxg4 77. Qf6+ Kd7 78. Rd8+ Kc6 79. Qxd6+ Kb5 80. Rb8+ Kc4 
81. Ke3 g3 82. Qc6# 1-0

[Event "Saturday 28 April Rapid Engine Tour 12+1 Rounds 9 Starts 1600ST"]
[Site "Infinity Chess"]
[Date "2018.4.28"]
[Round "1"]
[White "hafaba"]
[Black "Deep_Impact"]
[Result "1/2-1/2"]
[ECO "C77"]
[WhiteElo "2408"]
[BlackElo "2466"]
[WhiteEngine "Eman 1.70-beta21 64-bit POPCNT_CTG"]
[BlackEngine "asmFishW_2018-04-24_bmi2"]
[EventType "Swiss"]
[WhiteTeam ""]
[BlackTeam ""]
[PlyCount "107"]
[TimeControl "720+1"]

1. e4 e5 2. Nf3 Nc6 3. Bb5 a6 4. Ba4 Nf6 5. O-O Be7 6. Re1 b5 7. Bb3 O-O 
8. c3 d5 9. exd5 Nxd5 10. Nxe5 Nxe5 11. Rxe5 c6 12. d4 Bd6 13. Re1 Qh4 
14. g3 Qh3 15. Be3 Bg4 16. Qd3 Rae8 17. Nd2 Re6 18. a4 Qh5 19. axb5 axb5 
20. Nf1 Bf5 21. Qd2 Bh3 22. Bd1 Qg6 23. Bf3 Qf5 24. Qd1 h5 25. Ra6 Bc7 
26. Bh1 Rf6 27. Qe2 h4 28. Bd2 Re6 29. Qf3 Rxe1 30. Bxe1 Bf4 31. Bg2 Bxg2 
32. Kxg2 h3+ 33. Kg1 Qc8 34. Ra1 Bg5 35. Qh5 Qf5 36. Qe2 Qd7 37. Bd2 Re8 
38. Qd3 Bxd2 39. Nxd2 Qe6 40. Qf1 g6 41. Nf3 Nf4 42. Ne5 f6 43. gxf4 fxe5 
44. Re1 Qg4+ 45. Kh1 Qf3+ 46. Kg1 Qg4+ 47. Kh1 Qf3+ 48. Kg1 exf4 49. Rxe8+ Kg7 
50. b3 Qg4+ 51. Kh1 Qf3+ 52. Kg1 Qg4+ 53. Kh1 Qf3+ 54. Kg1 1/2-1/2

[Event "Saturday 28 April Rapid Engine Tour 12+1 Rounds 9 Starts 1600ST"]
[Site "Infinity Chess"]
[Date "2018.4.28"]
[Round "1"]
[White "Gilgamesch"]
[Black "ocirema"]
[Result "1/2-1/2"]
[ECO "C50"]
[WhiteElo "2483"]
[BlackElo "2432"]
[WhiteEngine "BrainFish_180408_x64_bmi2"]
[BlackEngine "asmFishW_2018-04-25_popcnt_CTG"]
[EventType "Swiss"]
[WhiteTeam ""]
[BlackTeam ""]
[PlyCount "81"]
[TimeControl "720+1"]

1. e4 e5 2. Nf3 Nc6 3. Bc4 Bc5 4. O-O Nf6 5. Re1 Ng4 6. Rf1 Nf6 7. d3 d6 
8. Nbd2 O-O 9. c3 a5 10. Re1 Be6 11. Bxe6 fxe6 12. Nb3 Bb6 13. Be3 Bxe3 
14. Rxe3 a4 15. Nbd2 b5 16. d4 h6 17. h3 Nd7 18. Qe2 Qb8 19. dxe5 Ndxe5 
20. Nxe5 Nxe5 21. Rf1 Qb6 22. f4 Nd7 23. Kh2 Qc5 24. g3 Rab8 25. Rf2 Kh7 
26. Rf1 Kg8 27. Rf2 Rfe8 28. Rg2 Rf8 29. Qe1 b4 30. Qe2 Qc6 31. c4 Nc5 
32. Nf3 b3 33. a3 Rbd8 34. Nh4 Nd7 35. Ng6 Rf7 36. Nh4 Qc5 37. Nf3 Nb6 
38. Rc3 Nd7 39. Re3 Nb6 40. Rc3 Nd7 41. Re3 1/2-1/2

[Event "Saturday 28 April Rapid Engine Tour 12+1 Rounds 9 Starts 1600ST"]
[Site "Infinity Chess"]
[Date "2018.4.28"]
[Round "1"]
[White "Eman"]
[Black "Murx"]
[Result "1/2-1/2"]
[ECO "D30"]
[WhiteElo "2440"]
[BlackElo "2503"]
[WhiteEngine "Eman 1.70-beta27 64-bit BMI2"]
[BlackEngine "asmFishW_2018-04-07_popcnt"]
[EventType "Swiss"]
[WhiteTeam ""]
[BlackTeam ""]
[PlyCount "127"]
[TimeControl "720+1"]

1. d4 d5 2. c4 e6 3. Nf3 Nf6 4. g3 Bb4+ 5. Bd2 Be7 6. Qc2 c6 7. Bg2 O-O 
8. O-O b6 9. Ne5 Ba6 10. Rc1 Nfd7 11. cxd5 Nxe5 12. d6 Qxd6 13. dxe5 Qxe5 
14. Nc3 Qc7 15. Rd1 Nd7 16. Bf4 Qb7 17. Ne4 Rac8 18. Bd6 Nc5 19. Nxc5 bxc5 
20. Bxe7 Qxe7 21. Rd2 h6 22. Rad1 Rfd8 23. Kf1 Rxd2 24. Rxd2 c4 25. Be4 Rc7 
26. Bf3 g6 27. h4 Qf6 28. Kg2 Kg7 29. h5 g5 30. Qa4 c3 31. Rd1 Bc8 32. Qa5 c2 
33. Rc1 Qxb2 34. Rxc2 Qxc2 35. Qxc7 Ba6 36. Qxa7 Bxe2 37. Qd4+ Kf8 38. Bxe2 Qxe2 
39. a4 Ke8 40. a5 Qa6 41. Qb4 Qa7 42. Qa4 Ke7 43. a6 Kd6 44. g4 c5 45. Kf1 Kc7 
46. f4 f6 47. Qa5+ Qb6 48. Qa1 Qb4 49. Qxf6 Qc4+ 50. Ke1 Qe4+ 51. Kf2 gxf4 
52. Qe7+ Kb6 53. Qb7+ Qxb7 54. axb7 Kxb7 55. g5 c4 56. gxh6 c3 57. h7 c2 
58. h8=Q c1=Q 59. h6 Qe3+ 60. Kg2 f3+ 61. Kg3 f2+ 62. Kg2 f1=Q+ 63. Kxf1 Qc1+ 
64. Ke2 1/2-1/2

[Event "Saturday 28 April Rapid Engine Tour 12+1 Rounds 9 Starts 1600ST"]
[Site "Infinity Chess"]
[Date "2018.4.28"]
[Round "1"]
[White "KRAKEN"]
[Black "KhalidOmar"]
[Result "1/2-1/2"]
[ECO "E15"]
[WhiteElo "2554"]
[BlackElo "2443"]
[WhiteEngine "Raubfisch ME262_GTZ17b2_CTG"]
[BlackEngine "Eman 1.70-beta27 64-bit BMI2"]
[EventType "Swiss"]
[WhiteTeam ""]
[BlackTeam ""]
[PlyCount "136"]
[TimeControl "720+1"]

1. d4 Nf6 2. c4 e6 3. Nf3 b6 4. g3 Ba6 5. Qa4 c5 6. Bg2 Bb7 7. O-O cxd4 
8. Nxd4 Qc8 9. Nc3 Nc6 10. Qd1 Ne5 11. Bxb7 Qxb7 12. b3 h5 13. h4 Bc5 
14. Ndb5 Qb8 15. Bf4 a6 16. Nd4 O-O 17. Nf3 d6 18. Rb1 Bb4 19. Qc2 Neg4 
20. Ng5 b5 21. Nce4 Rd8 22. Nxf6+ Nxf6 23. Rfc1 Qb7 24. Bd2 Bxd2 25. Qxd2 Ne4 
26. Nxe4 Qxe4 27. Qd3 Qxd3 28. exd3 Kf8 29. Kf1 Rdb8 30. Ke2 Ke7 31. Rb2 bxc4 
32. dxc4 a5 33. Kd3 Rb7 34. a3 Kd7 35. Kd4 Rab8 36. Rc3 Kc6 37. Rb1 Rc8 
38. Rf3 Rcb8 39. Kc3 Kc5 40. Rd3 d5 41. cxd5 exd5 42. Kb2 Re7 43. Rbd1 Re2+ 
44. Kc3 Rd8 45. Rf3 f6 46. Rf4 Kd6 47. Rxd5+ Kxd5 48. Rd4+ Kc5 49. Rxd8 Rxf2 
50. Rc8+ Kb6 51. Rd8 Re2 52. Rd7 Re3+ 53. Rd3 Re4 54. Rf3 Kc6 55. Kb2 Re6 
56. Kc3 Re5 57. b4 Kb6 58. bxa5+ Kxa5 59. Kc4 Ka4 60. Rd3 Re4+ 61. Kd5 Rg4 
62. Rc3 g5 63. hxg5 fxg5 64. Ke5 h4 65. gxh4 gxh4 66. Rf3 Kb5 67. Rf4 Rg3 
68. a4+ Ka5 1/2-1/2

[Event "Saturday Apr 14 Engine Tour 9 Rd Swiss 12m+1s Starts at 1600hrs ST"]
[Site "Infinity Chess"]
[Date "2018.4.14"]
[Round "9"]
[White "OlivierEvan"]
[Black "Dovahkiin"]
[Result "0-1 "]
[ECO "B53"]
[WhiteElo "2357"]
[BlackElo "2411"]
[WhiteEngine "Houdini 6"]
[BlackEngine "Raubfisch ME262_GTZ16f_CTG"]
[EventType "Swiss"]
[WhiteTeam ""]
[BlackTeam ""]
[PlyCount "151"]
[TimeControl "720+1"]

1. e4 c5 2. Nf3 d6 3. d4 cxd4 4. c3 dxc3 5. Nxc3 Nc6 6. Bc4 e6 7. O-O Be7 
8. Qe2 Nf6 9. Rd1 e5 10. h3 O-O 11. Bb5 Bd7 12. Bg5 a6 13. Bxc6 bxc6 
14. Bxf6 gxf6 15. Nh4 Be6 16. Rd2 Kh8 17. Rad1 Rg8 18. Qf3 Rg5 19. Kh2 a5 
20. b3 Rb8 21. g3 Qc7 22. Na4 d5 23. Rc1 dxe4 24. Qxe4 c5 25. Nc3 f5 26. Qe2 Rg7 
27. Nd5 Bxd5 28. Rxd5 Bxh4 29. Rcxc5 Qe7 30. Rxe5 Qd6 31. Rcd5 Qc7 32. Rc5 Qd6 
33. Rcd5 Qg6 34. Qd3 Bf6 35. Rxf5 Ba1 36. Rxa5 f6 37. Rad5 Be5 38. Kg2 Ra7 
39. a4 Rab7 40. Rd8+ Rxd8 41. Qxd8+ Kg7 42. Rf3 Qe4 43. Qa8 Bb8 44. Qa6 Be5 
45. Qa8 Qc6 46. b4 Qe4 47. b5 Qd5 48. Qc8 h5 49. h4 Ra7 50. Qc2 Ra8 51. Qb3 Qe4 
52. Qe6 Qb7 53. Qc4 Rc8 54. Qe6 Rc3 55. Qf5 Kh6 56. a5 Qd5 57. a6 Rb3 
58. g4 hxg4 59. Qxg4 Rxb5 60. h5 Qf7 61. Rd3 Rb8 62. Qg6+ Qxg6+ 63. hxg6 Ra8 
64. Ra3 Bd4 65. Rg3 Kg7 66. f4 Rxa6 67. Rd3 Ra2+ 68. Kf3 Bb2 69. f5 Ra3 
70. Ke4 Rxd3 71. Kxd3 Bc1 72. Ke2 Kf8 73. Kd3 Ke7 74. Ke4 Bh6 75. Kd5 Kd7 
76. Kc5 0-1

[Event "Saturday Apr 14 Engine Tour 9 Rd Swiss 12m+1s Starts at 1600hrs ST"]
[Site "Infinity Chess"]
[Date "2018.4.14"]
[Round "9"]
[White "ocirema"]
[Black "ivrdurant"]
[Result "1/2-1/2"]
[ECO "C50"]
[WhiteElo "2446"]
[BlackElo "2373"]
[WhiteEngine "asmFishW_2018-04-08_popcnt_CTG"]
[BlackEngine "Raubfisch ME262_GTZ16d4"]
[EventType "Swiss"]
[WhiteTeam ""]
[BlackTeam ""]
[PlyCount "43"]
[TimeControl "720+1"]

1. e4 e5 2. Nf3 Nc6 3. Bc4 Bc5 4. O-O Nf6 5. d3 d6 6. c3 O-O 7. h3 a5 8. Nbd2 h6 
9. Re1 Be6 10. a4 Ba7 11. Bxe6 fxe6 12. Nf1 Qe8 13. Ng3 Nd7 14. Be3 Bxe3 
15. Rxe3 Qf7 16. Qc2 Nc5 17. Rf1 Qf6 18. Rc1 Qf7 19. Nf1 Qf6 20. Ng3 Qf7 
21. Nf1 Qf6 22. Ng3 1/2-1/2